 Dungeon Crawl Stone Soup version 0.18.1-50-g88ac8fd (webtiles) character file.

60512 mjk the Bludgeoner (level 14, -7/129 HPs)
             Began as a Minotaur Fighter on Sept 15, 2016.
             Was a High Priest of the Shining One.
             Succumbed to a redback's poison
             ... on level 3 of the Spider Nest on Sept 16, 2016.
             The game lasted 02:26:40 (20283 turns).

mjk the Bludgeoner (Minotaur Fighter)              Turns: 20283, Time: 02:26:40

Health: -7/129     AC: 14    Str: 22    XL:     14   Next: 57%
Magic:  13/13      EV: 11    Int:  5    God:    the Shining One [*****.]
Gold:   1267       SH: 14    Dex: 14    Spells: 1 memorised, 12 levels left

rFire  . . .     SeeInvis +     h - +9 flail (protect)
rCold  . . .     Gourm    .     c - +1 plate armour
rNeg   + + .     Faith    .     H - +0 shield {reflect}
rPois  .         Spirit   .     (helmet restricted)
rElec  .         Dismiss  .     j - +1 cloak
rCorr  .         Reflect  +     l - +0 pair of gloves
SustAt .         Harm     .     r - +0 pair of boots
MR     +....                    F - amulet of rage
Stlth  ..........               x - ring of flight
                                Y - ring of see invisible

@: lethally poisoned (-7 -> -127), corroded, very slightly contaminated,
glowing, somewhat resistant to hostile enchantments, extremely unstealthy
A: retaliatory headbutt, horns 2, iridescent scales 1, thin skeletal structure
1, yellow scales 1, see invisible, shaggy fur 1, slow regeneration 1, weak 1,
evolution 1
a: Divine Shield, Cleansing Flame, Summon Divine Warrior, Renounce Religion,
Evoke Berserk Rage, Evoke Flight


You were on level 3 of the Spider Nest.
You worshipped the Shining One.
The Shining One was extremely pleased with you.
You were not hungry.

You visited 4 branches of the dungeon, and saw 19 of its levels.
You also visited: Ossuary.

You collected 1267 gold pieces.

Inventory:

Hand Weapons
 h - a +9 flail of protection (weapon)
Missiles
 k - a throwing net (quivered)
Armour
 c - a +1 plate armour (worn)
 j - a +1 cloak (worn)
 l - a +0 pair of gloves (worn)
 r - a +0 pair of boots (worn)
 H - a +0 shield of reflection (worn)
Jewellery
 a - an uncursed ring of stealth
 b - a +4 ring of intelligence
 m - an uncursed amulet of faith
 q - an uncursed amulet of guardian spirit
 x - a ring of flight (right hand)
 F - an amulet of rage (around neck)
 Y - a ring of see invisible (left hand)
Wands
 u - a wand of iceblast (4/15)
 K - a wand of polymorph (14/24)
 M - a wand of digging (11/24)
 P - a wand of confusion (29/48)
 R - a wand of slowing (35/48)
 V - a wand of teleportation (4/9)
Scrolls
 g - 7 scrolls of recharging
 n - 3 scrolls of remove curse
 p - 2 scrolls of magic mapping
 t - 2 scrolls of fear
 y - 3 scrolls of fog
 A - a scroll of identify
 G - 3 scrolls of enchant weapon
 I - a scroll of immolation
 N - a scroll of noise
 O - 3 scrolls of amnesia
 W - 3 scrolls of teleportation
Potions
 d - a potion of agility {unknown}
 e - 3 potions of invisibility {unknown}
 i - a potion of cancellation {unknown}
 o - 3 potions of berserk rage
 v - 5 potions of magic
 w - a potion of brilliance
 z - a potion of haste
 B - a potion of heal wounds
 E - 3 potions of lignification
 Q - 2 potions of cure mutation
 U - 2 potions of resistance
 X - a potion of flight {unknown}
Books
 T - a book of Minor Magic

   Spells                             Type                      Level
   a - Magic Dart                     Conjuration                  1
   b - Blink                          Translocation                2
   c - Call Imp                       Summoning                    2
   d - Repel Missiles                 Charms/Air                   2
   e - Slow                           Hexes                        2
   f - Conjure Flame                  Conjuration/Fire             3
   g - Mephitic Cloud                 Conjuration/Poison/Air       3
Comestibles
 f - 9 bread rations
 C - 6 meat rations


   Skills:
 + Level 13.6 Fighting
 + Level 16.3 Maces & Flails
 + Level 13.5 Armour
 + Level 7.8 Dodging
 + Level 1.2 Stealth
 + Level 15.3 Shields
 + Level 0.3 Evocations


You had 12 spell levels left.
You knew the following spells:

 Your Spells              Type           Power        Failure   Level  Hunger
a - Magic Dart            Conj           #...         100%        1    ##.....


Dungeon Overview and Level Annotations

Branches:
Dungeon (9/15)             Temple (1/1) D:4            Lair (6/8) D:9
 Shoals (0/4) Lair:6       Spider (3/4) Lair:5        Slime (0/6) Lair:6
    Orc: D:9-12

Altars:
Ashenzari
Cheibriados
Dithmenos
Elyvilon
Fedhas
Gozag
Kikubaaqudgha
Makhleb
Nemelex Xobeh
Okawaru
Pakellas
Qazlal
Ru
Sif Muna
Trog
Vehumet
Xom
Yredelemnul
Zin
The Shining One

Shops:
D:5 *

Annotations:
Lair:6 Kirke


Innate Abilities, Weirdness & Mutations

You reflexively headbutt those who attack you in melee.
You have a pair of horns on your head.
You are partially covered in iridescent scales (AC +4).
You have a somewhat thin skeletal structure (Dex +2, Stealth).
You are partially covered in yellow scales (AC +2).
You have supernaturally acute eyesight.
You are covered in fur (AC +1).
You regenerate slowly when monsters are visible.
You are weak. (Str -2)
You evolve.


Message History

You block the wolf spider's attack. The wolf spider closely misses you.
You block the redback's attack. x2; The redback bites you!
* * * LOW HITPOINT WARNING * * *
The spark wasp misses you. The wolf spider barely misses you.
You furiously retaliate!
You headbutt the wolf spider! The wolf spider misses you.
The redback bites you!
* * * LOW HITPOINT WARNING * * *
You are more poisoned.
The redback poisons you! The redback closely misses you.
You furiously retaliate!
You headbutt the redback. The redback closely misses you.
Wield which item (- for none, * to show all)? (? for menu, Esc to quit)
Okay, then.
Read which item? (? for menu, Esc to quit)
Blink to where?
Press: ? - help, Dir - move target cursor
As you read the scroll of blinking, it crumbles to dust.
* * * LOW HITPOINT WARNING * * *
You feel extremely sick.
You die...

.....#...#.<.........#
.#.......†....s........
......#.#....ss#..#..$.
.............sss≈ss....
............pss#≈≈##...
.......†...#...s#......
.#≈#.#..#.ss^y...##
####≈≈#≈........#
#≈..#.≈...@#..$.#
#≈≈=.......# ...#
#≈≈≈.......# ≈≈##
####≈.......≈
#........## ##......##
##..≈### #..≈# ####


You could see an entropy weaver (inner flame), a spark wasp (inner flame), a
wolf spider (inner flame), an orb spider (inner flame), 5 tarantellas and 5
redbacks.

Vanquished Creatures
  Rupert (Lair:3)
  Agnes (Spider:1)
  A ghost moth (Spider:1)
  Donald (Spider:2)
  Louise (Spider:2)
  Azrael (Spider:1)
  An entropy weaver (Spider:1)
  5 hydras
  The ghost of schammes the Covert, a novice OpAs of Dithmenos (D:8)
  8 orb spiders
  A wizard (D:9)
  4 hornets
  A griffon (Lair:6)
  A manticore (Lair:6)
  11 wolf spiders
  4 elephants (Lair:5)
  3 black mambas
  A torpor snail (Spider:2)
  13 spiny frogs
  3 komodo dragons
  5 rime drakes
  7 demonic crawlers
  18 jumping spiders
  A troll (D:9)
  Prince Ribbit (D:6)
  19 tarantellas
  34 redbacks
  2 wyverns
  7 hippogriffs
  Eustachio (D:4)
  3 basilisks
  5 hogs
  A human (D:7)
  4 fire elementals (Spider:1)
  18 yaks
  10 porcupines
  8 water moccasins
  2 sky beasts
  Duvessa (D:7)
  2 black bears
  3 hell hounds (Spider:1)
  A phantom (D:8)
  A necrophage (D:9)
  An orc warrior (D:8)
  4 ogres
  A wasp (Spider:1)
  8 wolves
  2 centaurs
  7 crocodiles
  3 big kobolds
  11 giant frogs
  A wyvern zombie (D:9)
  Dowan (D:7)
  5 water moccasin zombies (Ossuary)
  3 scorpions
  14 killer bees
  8 wights
  An electric eel (Lair:5)
  4 crimson imps
  3 orc priests
  4 giant frog zombies
  9 hounds
  4 jellies
  9 orc wizards
  A quasit (D:8)
  2 giant frog skeletons
  A centaur skeleton (D:6)
  9 iguanas
  6 hell rats (Lair:6)
  5 worker ants
  11 sheep
  4 big kobold zombies (Ossuary)
  2 hound zombies
  2 mummies (Ossuary)
  7 gnolls
  12 adders
  41 river rats
  A shadow imp (D:9)
  An ooze (D:4)
  2 adder skeletons
  7 adder zombies
  8 worms
  3 dart slugs (D:1)
  5 giant geckos
  25 orcs
  3 ball pythons
  6 giant cockroaches
  A gnoll zombie (Ossuary)
  4 hobgoblins
  7 jackals (D:3)
  6 quokkas
  7 bats
  A giant gecko zombie (D:8)
  5 giant newts
  2 goblins
  3 hobgoblin zombies (Ossuary)
  17 kobolds
  5 kobold zombies (Ossuary)
  4 orc zombies (Ossuary)
  2 quokka skeletons
  12 rats
  A bush (Lair:5)
  A fungus (Lair:2)
  A plant (D:3)
563 creatures vanquished.

Vanquished Creatures (others)
  A wyvern (D:4)
  2 fungi
  A plant (D:3)
4 creatures vanquished.

Grand Total: 567 creatures vanquished

Notes
Turn   | Place    | Note
--------------------------------------------------------------
     0 | D:1      | mjk the Minotaur Fighter began the quest for the Orb.
     0 | D:1      | Reached XP level 1. HP: 19/19 MP: 0/0
   166 | D:1      | Reached XP level 2. HP: 27/27 MP: 1/1
   666 | D:1      | You fall through a shaft!
   894 | D:2      | Reached skill level 3 in Maces & Flails
   894 | D:2      | Reached XP level 3. HP: 33/33 MP: 2/2
  1514 | D:2      | Reached XP level 4. HP: 41/41 MP: 3/3
  2021 | D:3      | Reached skill level 1 in Dodging
  2186 | D:3      | Found a sacrificial altar of Ru.
  2362 | D:3      | Reached XP level 5. HP: 47/47 MP: 4/4
  2464 | D:3      | Reached skill level 5 in Armour
  2464 | D:3      | Reached skill level 5 in Shields
  2568 | D:3      | Reached skill level 4 in Maces & Flails
  2568 | D:3      | Reached XP level 6. HP: 53/53 MP: 5/5
  2608 | D:3      | Found a blossoming altar of Fedhas.
  3430 | D:4      | Found an oddly glowing altar of Pakellas.
  3430 | D:4      | Found a white marble altar of Elyvilon.
  3446 | D:4      | Became a worshipper of Elyvilon the Healer
  3639 | D:4      | Found a staircase to the Ecumenical Temple.
  3640 | D:4      | Noticed Eustachio
  3700 | D:4      | Killed Eustachio
  3700 | D:4      | Reached skill level 5 in Fighting
  3700 | D:4      | Reached XP level 7. HP: 49/61 MP: 6/6
  3708 | Temple   | Entered the Ecumenical Temple
  3794 | Temple   | Fell from the grace of Elyvilon
  3794 | Temple   | Became a worshipper of the Shining One
  4000 | D:4      | Reached skill level 5 in Maces & Flails
  4215 | D:4      | Found an oddly glowing altar of Pakellas.
  4215 | D:4      | Noticed an orange crystal statue
  4217 | D:4      | Noticed a wyvern
  4230 | D:4      | Killed a wyvern
  4244 | D:5      | Entered Level 5 of the Dungeon
  4423 | D:5      | Found a sand-covered staircase.
  4431 | Ossuary  | Entered an ossuary
  4467 | Ossuary  | Reached * piety under the Shining One
  4522 | Ossuary  | Reached ** piety under the Shining One
  4531 | Ossuary  | Reached XP level 8. HP: 69/69 MP: 7/7
  4583 | Ossuary  | Reached *** piety under the Shining One
  4659 | D:5      | Reached skill level 6 in Maces & Flails
  5240 | D:5      | Found Mur Ypsipsi's General Store.
  6014 | D:6      | Reached skill level 7 in Maces & Flails
  6017 | D:6      | Reached skill level 1 in Stealth
  6152 | D:6      | Noticed Prince Ribbit
  6152 | D:6      | Reached **** piety under the Shining One
  6162 | D:6      | Killed Prince Ribbit
  6240 | D:6      | Reached XP level 9. HP: 74/78 MP: 8/8
  6839 | D:7      | Reached skill level 8 in Maces & Flails
  7059 | D:7      | Noticed Duvessa
  7059 | D:7      | Noticed Dowan
  7061 | D:7      | Killed Duvessa
  7065 | D:7      | Killed Dowan
  7202 | D:7      | Reached skill level 5 in Dodging
  7281 | D:7      | Reached ***** piety under the Shining One
  7358 | D:7      | Reached skill level 9 in Maces & Flails
  7566 | D:8      | Reached XP level 10. HP: 86/86 MP: 9/9
  7618 | D:8      | Noticed schammes's ghost (novice OpAs)
  7658 | D:8      | Killed schammes's ghost
  8588 | D:8      | Reached skill level 10 in Maces & Flails
  8707 | D:9      | Noticed a wizard
  8715 | D:9      | Killed a wizard
  8715 | D:9      | Reached skill level 10 in Shields
  8831 | D:9      | Found a staircase to the Lair.
  9253 | Lair:1   | Entered Level 1 of the Lair of Beasts
  9254 | Lair:1   | Noticed a spiny frog
  9266 | Lair:1   | Killed a spiny frog
  9656 | Lair:1   | Reached skill level 11 in Maces & Flails
  9670 | Lair:1   | Reached XP level 11. HP: 81/95 MP: 10/10
  9787 | Lair:1   | Noticed a six-headed hydra
  9797 | Lair:1   | Killed a six-headed hydra
 10222 | Lair:1   | Reached skill level 10 in Armour
 10933 | Lair:2   | Reached skill level 12 in Maces & Flails
 11511 | Lair:3   | Reached skill level 10 in Fighting
 11743 | Lair:3   | Noticed a seven-headed hydra
 11755 | Lair:3   | Killed a seven-headed hydra
 11755 | Lair:3   | Reached XP level 12. HP: 71/106 MP: 11/11
 12125 | Lair:3   | Noticed Rupert
 12141 | Lair:3   | Killed Rupert
 12141 | Lair:3   | Reached skill level 13 in Maces & Flails
 13031 | Lair:4   | Reached ****** piety under the Shining One
 13396 | Lair:4   | Noticed an eight-headed hydra
 13405 | Lair:4   | Killed an eight-headed hydra
 14039 | Lair:5   | Found a hole to the Spider Nest.
 14209 | Lair:5   | Noticed a seven-headed hydra
 14217 | Lair:5   | Killed a seven-headed hydra
 14688 | Lair:5   | Reached skill level 14 in Maces & Flails
 15071 | Lair:6   | Found a staircase to the Slime Pits.
 15324 | Lair:6   | Reached XP level 13. HP: 109/117 MP: 12/12
 15557 | Lair:6   | Found a staircase to the Shoals.
 15667 | Lair:6   | Noticed Kirke
 15685 | Lair:6   | Noticed a sphinx
 16321 | Spider:1 | Entered Level 1 of the Spider Nest
 16588 | Spider:1 | Gained mutation: You regenerate slowly when monsters are visible. [potion of mutation]
 16588 | Spider:1 | Gained mutation: You are partially covered in yellow scales (AC +2). [potion of mutation]
 16588 | Spider:1 | Gained mutation: You are covered in fur (AC +1). [potion of mutation]
 16589 | Spider:1 | Gained mutation: You are agile. (Dex +2) [potion of mutation]
 16589 | Spider:1 | Gained mutation: You are partially covered in iridescent scales (AC +4). [potion of mutation]
 16589 | Spider:1 | Gained mutation: You have a somewhat thin skeletal structure (Dex +2, Stealth). [potion of mutation]
 17040 | Spider:1 | Noticed Azrael
 17057 | Spider:1 | Killed Azrael
 17206 | Spider:1 | Reached skill level 15 in Maces & Flails
 17320 | Spider:1 | Gained mutation: You evolve. [potion of mutation]
 17320 | Spider:1 | Gained mutation: You are weak. (Str -2) [potion of mutation]
 17320 | Spider:1 | Lost mutation: You are agile. (Dex +2) [potion of mutation]
 17749 | Spider:1 | Noticed Agnes
 17765 | Spider:1 | Killed Agnes
 18137 | Spider:1 | Reached XP level 14. HP: 129/129 MP: 13/13
 18260 | Spider:1 | Noticed a ghost moth
 18275 | Spider:1 | Killed a ghost moth
 18389 | Spider:2 | Noticed Donald
 18413 | Spider:2 | Killed Donald
 18474 | Spider:2 | Learned a level 1 spell: Magic Dart
 18758 | Spider:2 | Noticed Louise
 18785 | Spider:2 | Killed Louise
 19566 | Spider:2 | Reached skill level 15 in Shields
 19649 | Spider:2 | Reached skill level 16 in Maces & Flails
 19840 | Spider:2 | Gained mutation: You have supernaturally acute eyesight. [evolution]
 20282 | Spider:3 | HP: 2/129 [poisoned by a redback]
 20283 | Spider:3 | Succumbed to a redback's poison

Skill      XL: |  1  2  3  4  5  6  7  8  9 10 11 12 13 14 |
---------------+-------------------------------------------+-----
Fighting       | 4 5 6 7 8 10 11 13 | 13.6
Armour         | 4 5 6 7 8 9 10 11 12 13 | 13.5
Maces & Flails | 3 4 5 7 9 11 12 14 15 16 | 16.3
Shields        | 4 5 6 7 9 10 12 14 15 | 15.3
Dodging        | 1 3 4 5 6 7 |  7.8
Stealth        | 1 |  1.2
Evocations     | |  0.3

Action                   |  1- 3 |  4- 6 |  7- 9 | 10-12 | 13-15 || total
-------------------------+-------+-------+-------+-------+-------++-------
Melee: Flail             |    96 |   217 |   362 |   668 |   567 ||  1910
       Headbutt          |    13 |    40 |    65 |   159 |   134 ||   411
Evoke: Wand              |       |       |       |       |     5 ||     5
  Use: Scroll            |       |     7 |     9 |    22 |    13 ||    51
       Potion            |       |     1 |     1 |     2 |    20 ||    24
  Eat: Meat ration       |     1 |       |     1 |       |     3 ||     5
       Pizza             |     1 |       |     1 |    10 |       ||    12
       Fruit             |       |     2 |       |     4 |       ||     6
       Bread ration      |       |     1 |       |       |       ||     1
       Chunk             |       |       |     3 |       |       ||     3
       Beef jerky        |       |       |       |     5 |       ||     5
       Royal jelly       |       |       |       |       |     1 ||     1
Armor: Scale mail        |    48 |    74 |    47 |       |       ||   169
       Chain mail        |       |       |   114 |   107 |       ||   221
       Plate armour      |       |       |       |   153 |   381 ||   534
Dodge: Dodged            |    29 |    62 |   112 |   181 |   260 ||   644
Block: Shield            |    41 |    93 |   179 |   339 |   422 ||  1074
